Map: Blueshift LE

Players

HeroMarine

  • Race: Terran Terran
  • League: Master
  • Spawn Location: 7:00

Lambo - Winner!

  • Race: Zerg Zerg
  • League: Grandmaster
  • Spawn Location: 1:00

VOD

Have the link to the VOD?

Description

Time

  • Played on: Jan. 11, 2019, 3:21 p.m.
  • Length: 23:26
Show
View Real Time Build Order
Export as new Build Order

HeroMarine Terran 

Build Orders: Reaper Expand 

Get SALT Encoding   

  12  0:00  SCV  
  13  0:13  SCV  
  14  0:17  Supply Depot  
  14  0:25  SCV  
  15  0:38  SCV  
  15  0:40  Barracks  
  16  0:43  Refinery  
  16  0:50  SCV  
  17  1:02  SCV  
  18  1:15  SCV  
  19  1:27  Reaper, Orbital Command  
  20  1:39  Command Center  
  20  1:50  Supply Depot  
  20  1:53  SCV  
  21  1:59  Marine  
  22  2:05  SCV  
  22  2:08  Factory  
  23  2:17  Marine, SCV  
  23  2:21  Barracks  
  25  2:29  SCV  
  26  2:36  Barracks Reactor  
  26  2:41  SCV  
  27  2:52  Hellion  
  27  2:53  SCV, Orbital Command  
  30  3:05  SCV  
  30  3:07  Barracks Reactor  
  30  3:10  Command Center  
  31  3:17  SCV  
  32  3:20  SCV  
  32  3:24  Hellion  
  32  3:25  Barracks Tech Lab, Hellion  
  37  3:30  SCV  
  37  3:32  SCV  
  39  3:36  Refinery, Supply Depot  
  39  3:39  Refinery  
  39  3:42  SCV  
  39  3:44  SCV, Stimpack  
  39  3:45  Marine  
  39  3:46  Marine  
  43  3:49  Marine  
  43  3:54  SCV  
  45  3:56  SCV  
  46  4:03  Marine  
  46  4:04  Marine  
  46  4:06  SCV  
  46  4:07  Hellion  
  46  4:08  Hellion  
  46  4:09  SCV  
  54  4:21  Marine  
  54  4:22  SCV x2, Starport  
  54  4:23  Orbital Command  
  57  4:30  Supply Depot  
  57  4:32  Marine x2  
  57  4:34  SCV x2  
  61  4:39  Barracks  
  61  4:43  Factory Reactor  
  61  4:44  Marine  
  62  4:46  SCV x2  
  62  4:50  Armory  
  62  4:51  SCV  
  65  4:55  Marine  
  65  4:56  Marine  
  65  4:58  SCV x2  
  69  5:02  Marine  
  71  5:08  Supply Depot  
  71  5:13  Engineering Bay  
  72  5:14  Medivac, Engineering Bay  
  72  5:15  Medivac  
  72  5:17  SCV x2, Orbital Command  
  72  5:21  Marine  
  76  5:25  Factory Tech Lab  
  76  5:27  Refinery  
  77  5:30  Marine x2, SCV  
  77  5:31  Supply Depot  
  77  5:32  SCV  
  81  5:41  Marine  
  81  5:42  Marine x2  
  84  5:45  Combat Shield, Terran Infantry Weapons Level 1, Terran Infantry Armor Level 1  
  84  5:48  Marine  
  85  5:52  Marine, SCV x3  
  85  5:55  Supply Depot  
  89  5:57  Supply Depot  
  89  6:01  Supply Depot  
  89  6:06  Barracks  
  89  6:07  Barracks  
  89  6:08  SCV x3  
  92  6:12  Marine  
  93  6:19  Marine x3  
  93  6:20  SCV x2  
  93  6:21  SCV  
  93  6:24  Marine  
  88  6:25  Siege Tank  
  88  6:27  Medivac  
  88  6:30  Marine, Medivac  
  97  6:32  SCV  
  97  6:33  SCV x2  
  97  6:38  Marine x3  
  102  6:42  Marine  
  102  6:46  SCV x3  
  103  6:48  Marine  
  103  6:53  Supply Depot x2  
  103  6:56  Marine, Barracks Reactor x2  
  103  7:00  Refinery x2  
  103  7:01  Marine x2, Factory  
  102  7:02  Marine  
  105  7:11  Marine  
  105  7:13  SCV x3  
  105  7:14  Marine  
  110  7:22  Supply Depot  
  110  7:23  Supply Depot  
  110  7:26  Marine x2  
  110  7:29  Marine  
  112  7:30  Marine  
  112  7:31  SCV x2  
  112  7:33  Marine  
  117  7:40  Siege Tank, Medivac x2  
  117  7:43  Marine x2  
  126  7:51  Factory Tech Lab  
  126  7:52  Terran Infantry Weapons Level 2, Terran Infantry Armor Level 2  
  126  7:53  Marine x4, Supply Depot, Terran Vehicle And Ship Armor Level 1  
  126  7:54  Command Center  
  130  7:59  Marine x2  
  130  8:01  Marine x2  
  130  8:03  Marine  
  135  8:11  Marine  
  136  8:12  Barracks  
  136  8:15  Barracks  
  136  8:16  Siege Tank x2  
  136  8:17  Barracks  
  142  8:21  Supply Depot  
  142  8:26  SCV x3, Sensor Tower  
  145  8:37  Medivac x2  
  149  8:42  Marauder  
  149  8:44  Supply Depot  
  149  8:45  Supply Depot x2  
  149  8:46  Supply Depot x2  
  151  8:53  Marine x3  
  154  9:06  Barracks Tech Lab x3  
  154  9:16  Marauder  
  156  9:19  Siege Tank x2  
  158  9:26  Marauder x3  
  164  9:31  Ghost Academy, SCV  
  164  9:32  SCV x2  
  165  9:40  Command Center  
  165  9:48  Terran Vehicle And Ship Armor Level 2  
  165  9:50  Marauder x2  
  165  9:51  Siege Tank x2  
  165  9:52  Marauder x2  
  178  10:00  Planetary Fortress  
  178  10:12  Marauder  
  180  10:16  Concussive Shells  
  180  10:18  Marine x2  
  180  10:19  Marine  
  180  10:21  Refinery  
  183  10:22  Refinery  
  183  10:23  Marine x2  
  183  10:24  Marine  
  183  10:27  Marine x2  
  183  10:28  Marine  
  185  10:30  Terran Infantry Weapons Level 3, Terran Infantry Armor Level 3  
  185  10:37  Marine, Marauder x2  
  185  10:39  Marine x3  
  185  10:40  Siege Tank x2  
  199  10:55  Orbital Command  
  199  11:00  Command Center  
  196  11:06  Marine x2  
  196  11:10  Marine x2  
  200  11:18  Fusion Core, Starport x2  
  199  11:25  Missile Turret  
  199  11:31  Ghost  
  179  11:50  Marine x2  
  179  11:53  Marine  
  155  11:54  Marine  
  155  11:55  Marine x2, Siege Tank x2  
  155  11:56  Marine  
  155  11:57  Marine, Medivac x2  
  162  12:08  Ghost x4  
  162  12:15  Starport Reactor, Starport Tech Lab  
  162  12:16  Command Center  
  162  12:17  Sensor Tower  
  162  12:19  Command Center  
  162  12:22  Command Center  
  162  12:23  Liberator x3  
  162  12:27  Orbital Command  
  162  12:31  Command Center  
  162  12:37  Ghost x4  
  162  12:39  Missile Turret  
  179  12:51  Advanced Ballistics  
  178  13:05  Liberator x2, Ghost  
  177  13:06  Ghost x3  
  177  13:11  Missile Turret  
  186  13:34  Ghost x4  
  186  13:37  Liberator x2  
  186  13:44  Marine x3  
  186  13:46  Orbital Command  
  186  13:47  Orbital Command  
  180  13:49  Marine x3  
  180  13:53  Marine x2  
  190  13:59  Missile Turret x3  
  190  14:00  Missile Turret  
  190  14:02  Marine x3, Orbital Command  
  193  14:03  Marine x3  
  196  14:12  Orbital Command  
  196  14:20  Terran Vehicle And Ship Armor Level 3  
  196  14:22  Armory  
  196  14:29  Missile Turret x2, Sensor Tower  
  196  14:36  Unknown, Siege Tank  
  199  14:53  Refinery  
  199  14:55  Refinery  
  199  14:57  Liberator  
  164  15:11  Medivac x2  
  165  15:14  Medivac x2  
  165  15:15  Siege Tank x2  
  165  15:16  Marine x9  
  165  15:17  Marine x3  
  190  15:21  Planetary Fortress  
  190  15:26  Sensor Tower  
  190  15:27  Missile Turret  
  190  15:28  Orbital Command  
  190  15:29  Missile Turret  
  190  15:30  Missile Turret  
  190  15:36  Missile Turret  
  190  15:38  Unknown x3  
  190  15:40  Neosteel Armor, Hi-Sec Auto Tracking  
  190  15:47  Refinery  
  190  15:50  Marauder  
  190  15:51  Marauder x3  
  198  16:01  Orbital Command  
  198  16:18  Command Center  
  198  16:24  Missile Turret  
  198  16:27  Sensor Tower  
  180  16:34  Marauder  
  180  16:35  Marine x6, Marauder x3  
  180  16:36  Marine x2  
  180  16:39  Viking x3  
  141  16:40  Viking x2  
  195  16:52  Marine  
  195  16:53  Marine x4  
  200  16:55  Terran Ship Weapons Level 1  
  200  16:57  Terran Vehicle Weapons Level 1  
  200  16:58  Personal Cloaking  
  190  17:16  Marine x2  
  190  17:17  Ghost  
  190  17:18  Ghost  
  177  17:22  Marine  
  177  17:23  Marine x3  
  177  17:25  Thor x2  
  177  17:29  Viking x4  
  191  17:41  Marine, Marauder  
  191  17:42  Marine, Marauder  
  169  17:45  Marine x2  
  169  17:46  Ghost x2  
  154  17:51  Marine  
  154  17:52  Marine x2  
  154  17:53  Marine  
  154  17:57  Viking  
  138  17:59  Marine x2  
  138  18:02  Ghost x2  
  138  18:03  Marine x2  
  138  18:09  Marine x2  
  138  18:10  Marine x2  
  137  18:15  Marine x2  
  137  18:16  Viking x4  
  137  18:17  Marine x2  
  139  18:21  Marine x2  
  127  18:27  Marine x3, Viking  
  127  18:28  Marine  
  127  18:30  Orbital Command  
  127  18:31  Marine x2  
  127  18:33  Marine  
  128  18:35  Marine x2  
  128  18:36  Liberator x2  
  128  18:38  Marine  
  128  18:39  Marine  
  128  18:40  Liberator, Siege Tank  
  132  18:45  Marine  
  132  18:46  Medivac x2, Orbital Command  
  141  18:49  Ghost x2  
  141  18:51  Ghost x2  
  149  18:56  Refinery  
  149  18:59  Refinery  
  152  19:08  Command Center  
  152  19:16  Marine x3, Medivac x2  
  152  19:17  Marine x4, Ghost  
  159  19:18  Ghost  
  159  19:20  Liberator, Ghost  
  159  19:23  Ghost  
  171  19:29  Marine  
  172  19:34  Marine  
  176  19:42  Marine x5  
  184  19:47  Marauder x2  
  184  19:52  Marine x3, Marauder x2  
  195  19:55  Siege Tank  
  195  19:59  Marine  
  195  20:00  Marine, Factory  
  197  20:08  Marauder  
  199  20:20  Marauder  
  187  20:53  Marine x3  
  187  20:54  Marine x2  
  187  20:56  Marauder  
  151  20:57  Marine  
  151  20:58  Marine x2  
  151  20:59  Marine x2  
  151  21:00  Marauder  
  151  21:02  Medivac  
  151  21:03  Medivac  
  135  21:08  Medivac x2  
  135  21:11  Marine x3  
  139  21:12  Marine x2  
  139  21:15  Marine, Command Center  
  139  21:16  Marine x2, Siege Tank  
  139  21:17  Factory Tech Lab, Marauder x2  
  139  21:18  Marauder  
  156  21:22  Marauder  
  157  21:29  Marine  
  154  21:33  Marine x2  
  154  21:38  Marine x2, Ghost  
  154  21:39  Marauder x2  
  158  21:43  Ghost  
  160  21:59  Ghost x2  
  160  22:01  Siege Tank  
  167  22:07  Ghost, Siege Tank  
  172  22:12  Marauder  
  172  22:22  Marine x3  
  154  22:23  Marine  
  154  22:24  Marine  
  154  22:29  Marine, Marauder  
  161  22:31  Marine x2  
  161  22:33  Siege Tank  
  162  22:39  Siege Tank  
  162  22:42  Marine  
  162  22:44  Marine  
  165  22:55  Orbital Command  
Show
View Real Time Build Order
Export as new Build Order

Lambo Zerg - Winner!

Build Orders: Hatch First 

Get SALT Encoding   

  12  0:00  Drone  
  13  0:13  Overlord  
  13  0:17  Drone  
  14  0:31  Drone x2  
  16  0:48  Hatchery  
  15  0:52  Drone  
  15  0:56  Drone  
  17  0:59  Drone  
  18  1:10  Extractor  
  17  1:13  Spawning Pool  
  17  1:17  Drone  
  17  1:24  Drone  
  18  1:28  Drone  
  19  1:40  Drone  
  20  1:51  Drone  
  21  2:00  Queen x2  
  25  2:01  Zergling x2  
  25  2:02  Zergling x2  
  27  2:11  Metabolic Boost  
  27  2:12  Overlord  
  27  2:14  Drone  
  28  2:33  Hatchery  
  28  2:35  Drone  
  28  2:42  Drone  
  28  2:43  Drone  
  30  2:48  Drone  
  30  2:49  Pneumatized Carapace  
  31  2:59  Overlord, Drone  
  31  3:00  Drone  
  31  3:04  Drone x2  
  35  3:18  Drone  
  35  3:19  Drone x3  
  39  3:20  Queen  
  39  3:24  Overlord  
  41  3:29  Drone  
  42  3:34  Queen  
  44  3:44  Drone  
  44  3:45  Queen  
  44  3:46  Zergling x6  
  50  3:50  Zergling x2  
  50  3:51  Drone  
  52  3:56  Drone x2  
  52  3:57  Overlord  
  52  3:59  Drone x2  
  56  4:06  Lair  
  56  4:07  Drone  
  57  4:10  Overlord, Drone  
  60  4:19  Baneling Nest  
  60  4:20  Drone x3  
  60  4:21  Drone x2  
  60  4:23  Drone  
  63  4:28  Drone  
  64  4:31  Drone  
  64  4:32  Extractor x2, Drone x3  
  64  4:34  Evolution Chamber  
  65  4:42  Drone x2  
  67  4:49  Queen  
  67  4:50  Drone x3  
  72  4:54  Overlord  
  72  4:56  Drone x2  
  72  4:58  Overlord  
  74  5:05  Centrifical Hooks, Evolution Chamber  
  74  5:06  Overlord  
  73  5:07  Drone  
  73  5:08  Overlord  
  73  5:12  Extractor, Drone x5  
  78  5:14  Extractor  
  78  5:15  Drone  
  78  5:16  Drone x2  
  78  5:18  Drone  
  81  5:24  Drone x4  
  81  5:26  Zergling x2  
  86  5:30  Zerg Ground Armor Level 1  
  86  5:31  Zergling x2  
  86  5:34  Zergling x4  
  89  5:39  Queen  
  91  5:44  Baneling  
  91  5:45  Zergling x10, Baneling x6  
  96  5:53  Overlord  
  96  5:54  Baneling x5  
  96  5:56  Hatchery  
  95  5:58  Zergling x4  
  95  6:00  Overlord  
  95  6:01  Zergling x2  
  95  6:02  Zergling x2  
  99  6:04  Zerg Melee Weapons Level 1  
  99  6:06  Zergling x6  
  99  6:09  Overlord  
  102  6:13  Hydralisk Den  
  102  6:16  Zergling x2  
  102  6:17  Zergling x4  
  103  6:25  Drone x5  
  102  6:31  Overlord, Hydralisk Den  
  100  6:33  Drone x4  
  100  6:34  Queen  
  103  6:48  Grooved Spines  
  103  6:49  Hydralisk x3  
  103  6:50  Infestation Pit  
  108  6:56  Hydralisk x2  
  108  6:57  Overlord, Extractor  
  110  7:01  Hydralisk  
  112  7:10  Drone x3  
  112  7:12  Drone x3  
  112  7:13  Drone  
  119  7:17  Hydralisk  
  119  7:18  Hydralisk  
  123  7:23  Hatchery  
  123  7:28  Muscular Augments  
  123  7:29  Hydralisk x3  
  125  7:30  Zergling x16  
  125  7:32  Hive  
  135  7:40  Overlord  
  135  7:43  Overlord  
  131  7:47  Overlord  
  131  7:48  Overlord  
  131  7:51  Overlord  
  131  7:55  Overlord  
  130  8:00  Zerg Ground Armor Level 2  
  130  8:01  Zerg Missile Weapons Level 1  
  130  8:02  Overlord  
  130  8:03  Hydralisk  
  130  8:04  Zergling x18  
  135  8:10  Zergling x10  
  135  8:12  Queen x2  
  144  8:20  Baneling x7  
  144  8:22  Hydralisk, Zergling x14  
  144  8:23  Zergling x2  
  144  8:26  Queen  
  156  8:35  Zergling x22  
  167  8:41  Zergling x2  
  167  8:42  Baneling x11  
  167  8:51  Drone x3, Viper  
  167  8:53  Extractor  
  167  8:55  Overlord  
  172  8:57  Overlord  
  172  9:01  Overseer  
  170  9:06  Overlord  
  170  9:08  Overlord  
  167  9:10  Overlord  
  167  9:11  Drone x2  
  167  9:12  Overlord  
  167  9:13  Overlord, Drone x3  
  167  9:14  Viper x2  
  170  9:17  Drone x2  
  170  9:27  Adrenal Glands  
  170  9:32  Hydralisk x3  
  176  9:39  Overlord  
  176  9:41  Overlord  
  176  9:42  Overlord  
  176  9:44  Overlord  
  174  9:51  Overlord  
  174  9:55  Drone  
  172  10:03  Zergling x2  
  172  10:04  Zergling x50  
  172  10:06  Zerg Melee Weapons Level 2  
  198  10:07  Baneling  
  198  10:08  Baneling x3  
  198  10:17  Spore Crawler  
  198  10:19  Zergling x6  
  200  10:21  Overlord  
  200  10:23  Overlord  
  200  10:27  Overlord  
  196  10:30  Zerg Ground Armor Level 3  
  196  10:31  Overlord, Spire  
  196  10:35  Overlord  
  195  10:39  Overseer  
  195  10:41  Baneling x11  
  195  10:46  Overlord  
  195  10:47  Overlord  
  194  10:57  Zergling x18  
  194  10:58  Zergling x2  
  199  11:05  Zergling x2  
  199  11:07  Baneling x14  
  199  11:11  Overlord  
  200  11:15  Overlord  
  200  11:22  Spore Crawler  
  197  11:30  Zergling x2  
  197  11:31  Zergling x8  
  200  11:35  Baneling x5  
  200  11:40  Overlord  
  181  11:48  Unknown  
  181  11:49  Zergling x48  
  181  11:53  Zergling x10  
  190  12:00  Greater Spire  
  176  12:05  Viper x3  
  176  12:07  Zergling x8  
  189  12:15  Baneling x18  
  189  12:19  Extractor  
  189  12:20  Extractor  
  189  12:22  Spore Crawler, Drone  
  188  12:23  Spine Crawler x2  
  188  12:24  Spore Crawler, Zergling x24  
  188  12:25  Spore Crawler  
  193  12:40  Extractor  
  193  12:41  Drone x3  
  195  12:45  Spore Crawler x3  
  192  12:52  Zergling x16  
  195  13:15  Overlord  
  195  13:18  Hatchery  
  195  13:19  Zerg Flyer Weapons Level 1, Zerg Melee Weapons Level 3, Zerg Missile Weapons Level 2  
  194  13:25  Pathogen Glands  
  190  13:30  Corruptor x5  
  195  13:50  Infestor x2  
  199  14:21  Spore Crawler  
  199  14:23  Spore Crawler  
  197  14:24  Spore Crawler  
  196  14:38  Corruptor x4  
  188  14:43  Infestor x2  
  181  15:10  Brood Lord x9  
  181  15:11  Corruptor x10  
  181  15:12  Extractor  
  200  15:15  Extractor  
  200  15:18  Drone  
  200  15:25  Zerg Flyer Weapons Level 2  
  200  15:44  Baneling  
  200  15:48  Baneling x9  
  200  15:49  Baneling x23  
  200  15:52  Overseer x3  
  198  16:11  Brood Lord  
  198  16:14  Infestor x3  
  198  16:17  Hatchery  
  195  16:22  Overseer x3  
  190  16:39  Drone x3  
  189  16:40  Infestor x2  
  193  16:50  Overseer  
  193  16:53  Corruptor x3  
  199  17:12  Unknown  
  199  17:15  Unknown x4  
  195  17:21  Zergling x26  
  183  17:25  Zergling x18  
  183  17:26  Zergling x2  
  172  17:40  Zergling x14  
  172  17:41  Zerg Flyer Armor Level 1  
  172  17:44  Zergling x4  
  153  17:56  Zergling x14  
  146  18:11  Zergling x16  
  138  18:29  Drone x9  
  135  18:35  Infestor x2  
  124  18:42  Infestor x2  
  124  18:54  Baneling x12  
  124  18:57  Infestor  
  126  19:09  Baneling x9  
  126  19:10  Hydralisk x3  
  126  19:14  Overseer  
  132  19:22  Zergling x16  
  140  19:24  Zerg Missile Weapons Level 3  
  140  19:29  Zergling x8, Baneling  
  144  19:37  Drone x7  
  151  19:46  Drone x2  
  151  19:50  Viper x2  
  151  19:52  Hydralisk x5  
  169  20:02  Hydralisk x4  
  169  20:03  Viper  
  180  20:10  Hydralisk x3  
  180  20:12  Baneling x6  
  179  20:23  Hydralisk x6  
  191  20:30  Hydralisk x3  
  191  20:35  Hydralisk  
  194  20:47  Hydralisk x2  
  194  20:48  Hydralisk x3  
  173  21:02  Zergling x36  
  173  21:03  Zergling x8  
  182  21:06  Infestor  
  178  21:12  Infestor x2  
  182  21:29  Zergling x2, Baneling x20  
  182  21:30  Zergling x18  
  191  21:43  Baneling x17  
  191  21:44  Zergling x4  
  191  21:45  Zergling x10  
  191  22:17  Zergling x10  
  191  22:18  Zergling x10  
  184  22:36  Zergling x26  
  188  22:40  Drone x3  
  188  22:42  Baneling x18  
  185  22:46  Hydralisk  
  185  22:47  Zergling x2  
  186  22:53  Zergling x10  
  183  23:02  Zergling x14  
Tags
 
Add a new tag
Caveats
  • Supply blocks, unpowered buildings, or Contaminate may cause inaccurate times.
  • Supply counts are checked every 10 seconds.